 Dungeon Crawl Stone Soup version 0.30-a0-377-g5cb311bc9f (webtiles) character file.

Game seed: 3931859380157609768

3558 pascalblue the Thaumaturge (level 9, -10/45 HPs)
             Began as a Deep Elf Conjurer on Nov 22, 2022.
             Was a Believer of Sif Muna.
             Mangled by a skeletal warrior
             ... wielding a +0 scimitar
              (19 damage)
             ... on level 10 of the Dungeon on Nov 28, 2022.
             The game lasted 00:37:02 (9184 turns).

pascalblue the Thaumaturge (Deep Elf Conjurer)      Turns: 9184, Time: 00:37:03

Health: -10/45     AC:  9    Str: 10    XL:     9   Next: 83%
Magic:  25/25      EV: 12    Int: 34    God:    Sif Muna [**....]
Gold:   189        SH:  0    Dex: 13    Spells: 5/29 levels left

rFire   . . .      SeeInvis .    E - staff of air
rCold   . . .      Faith    .    (no shield)
rNeg    . . .      Spirit   .    a - +0 robe
rPois   .          Reflect  .    J - +1 hat
rElec   +          Harm     .    l - +0 cloak
rCorr   .          Rampage  .    g - +1 pair of gloves
Will    .....                    f - +2 pair of boots
Stlth   ++........               (no amulet)
HPRegen 0.27/turn                H - +6 ring of intelligence
MPRegen 0.19/turn                s - +6 ring of strength

@: no status effects
A: no striking features
a: Renounce Religion, Channel Magic


You were on level 10 of the Dungeon.
You worshipped Sif Muna.
Sif Muna was pleased with you.
You visited 1 branch of the dungeon, and saw 9 of its levels.
You also visited: Sewer.

You collected 549 gold pieces.
You spent 360 gold pieces at shops.

Inventory:

Hand Weapons
 c - a +0 dagger
 k - a +3 quarterstaff of chaos
Armour
 a - a +0 robe (worn)
 f - a +2 pair of boots (worn)
 g - a +1 pair of gloves (worn)
 l - a +0 cloak (worn)
 u - +0 swamp dragon scales
 y - a +0 hat
 J - a +1 hat (worn)
Magical Staves
 E - a staff of air (weapon)
Jewellery
 h - a ring of flight
 s - a +6 ring of strength (right hand)
 H - a +6 ring of intelligence (left hand)
Wands
 j - a wand of polymorph (3)
 x - a wand of charming (2)
 A - a wand of iceblast (3)
 I - a wand of mindburst (18)
Scrolls
 e - a scroll of teleportation
 i - 2 scrolls of amnesia
 o - a scroll of magic mapping
 t - 2 scrolls of summoning
 G - 2 scrolls of identify
 K - a scroll of enchant weapon
Potions
 b - 5 potions of magic
 d - 2 potions of heal wounds
 m - a potion of attraction
 n - 4 potions of curing
 p - 3 potions of brilliance
 q - 2 potions of degeneration {unknown}
 r - 2 potions of mutation {unknown}
 v - a potion of ambrosia {unknown}
 w - 4 potions of invisibility
 z - a potion of lignification {unknown}
 B - a potion of might {unknown}
 C - 4 potions of haste
 D - a potion of resistance {unknown}


   Skills:
 - Level 2.4 Dodging
 - Level 2.4 Stealth
 * Level 10.5 Spellcasting
 + Level 10.0 Conjurations
 * Level 6.9 Hexes
 + Level 1.4 Summonings
 + Level 5.2 Translocations
 * Level 2.8 Air Magic
 + Level 2.6 Invocations


You had 5 spell levels left.
You knew the following spells:

 Your Spells              Type           Power      Damage    Failure   Level
a - Magic Dart            Conj           100%       1d8       1%          1
b - Searing Ray           Conj           100%       2d8       1%          2
c - Fulminant Prism       Conj/Hex       33%        3d15      1%          4
d - Iskenderun's Mystic   Conj/Tloc      62%        2d13      1%          4
e - Lightning Bolt        Conj/Air       37%        1d56      4%          5
f - Airstrike             Air            26%        2d(4-20)  8%          4
g - Summon Lightning Spi  Summ/Air       48%        N/A       11%         4

Your spell library contained the following spells:

 Spells                   Type           Power      Damage    Failure   Level
 Apportation              Tloc           100%       N/A       1%          1
 Summon Small Mammal      Summ           100%       N/A       1%          1
 Dazzling Flash           Conj/Hex       100%       N/A       1%          3
 Necrotise                Necr           68%        1d7       2%          1
 Irradiate                Conj/Tmut      25%        3d20      9%          5
 Blade Hands              Tmut           8%         N/A       56%         5
 Dragon Form              Tmut           8%         N/A       100%        7
 Chain Lightning          Conj/Air       37%        3d50      100%        9
 Fire Storm               Conj/Fire      25%        8d7       100%        9


Dungeon Overview and Level Annotations

Branches:
Dungeon (8/15)             Temple (0/1) D:7            Lair (0/5) D:10
  Sewer (visited)

Altars:
Gozag
Makhleb
Sif Muna
The Shining One

Shops:
D:1 *   D:7 =

Annotations:
D:4 3 runed translucent doors, DeathPants's ghost, amateur TeBe


Message History

Unknown command.
You start removing your armour.
You continue taking off your +0 hat. x4
You finish taking off your +0 hat.
You start putting on your armour.
You continue putting on your +1 hat. x5
You finish putting on your +1 hat.
A sourceless malevolence fills the Dungeon...
You fall into a shaft and drop 2 floors!
The shaft crumbles and collapses.
Found 19 gold pieces and a dagger.
You now have 189 gold pieces (gained 19). 2 skeletal warriors come into view.
A centaur comes into view.
Found a staircase to the Lair.
The centaur shouts!
The centaur wields a +0 shortbow.
The centaur shoots an arrow.
The arrow hits you!
The centaur shoots an arrow.
The arrow barely misses you.
The centaur shoots an arrow.
The arrow closely misses you.
The centaur shoots an arrow.
The arrow misses you.
As you read the scroll of magic mapping, it crumbles to dust.
You feel aware of your surroundings.
You sensed 3 altars.
The centaur shoots an arrow.
The arrow hits you.
The centaur shoots an arrow.
The arrow completely misses you.
The centaur shoots an arrow.
The arrow hits you.
The centaur shoots an arrow.
The arrow hits you but does no damage.
A skeletal warrior comes into view. It is wielding a +0 war axe.
Found a stone staircase leading up.
The centaur shoots an arrow.
The arrow closely misses you.
The centaur shoots an arrow.
The arrow hits you.
The centaur shoots an arrow.
The arrow closely misses you.
The skeletal warrior attacks as you move away!
The skeletal warrior hits you with a +0 scimitar!!
The centaur shoots an arrow.
The arrow hits you.
* * * LOW HITPOINT WARNING * * *
The centaur shoots an arrow.
The arrow hits you.
* * * LOW HITPOINT WARNING * * *
As you read the scroll of fear, it crumbles to dust.
You assume a fearsome visage.
The skeletal warrior is unaffected. x3
The centaur looks frightened!
The skeletal warrior hits you with a +0 scimitar!!
You die...

*,,,,* *,***,,, *,**,*
*,**,*,* *,**,* *,**,*,,
#.#*,* **********,*,,,,,
#.#*,*******,,,,,,,,,,,,*,,,
#.#*,,,,,,,,,*******,,,*****
#.#*********** **,,,,,** **
#.# ### *,,,,,,,*** ,*
##.#########@## *,,,,,,,,,,
,* #........zzz..#
*,,,,,,,*** ,*
#..#########.## **,,,,,** ,*
#...# #.# **,,,** ,*
#.#.########.# *,*** ,*
#.........##.# *,* ,*
#...#####.##.# *,* ***
,***#...# #.##.# *,* *,,
,,,*#...# #.##.# *,*****,,


You could see 3 skeletal warriors.

Vanquished Creatures
  4 yaks (D:8)
  Menkaure (D:5)
  2 swamp worms (D:7)
  A water moccasin (D:5)
  Duvessa (D:5)
  An orc warrior (D:8)
  2 ice beasts
  A black bear (D:6)
  2 ogres
  3 kobold brigands
  4 phantoms
  3 bullfrogs
  2 scorpions
  2 necrophages
  Dowan (D:5)
  3 wights
  A hound (D:5)
  A jelly (D:8)
  4 orc priests
  Crazy Yiuf (D:2)
  Jessica (D:2)
  An iguana (D:6)
  5 orc wizards
  Robin (D:4)
  3 gnolls (D:4)
  10 adders
  7 river rats
  A shadow imp (D:7)
  An ufetubus (D:4)
  2 worms
  4 dart slugs
  20 orcs
  17 ball pythons
  3 bats (D:1)
  8 endoplasms
  4 giant cockroaches
  21 goblins
  13 hobgoblins
  2 jackals (D:1)
  3 quokkas
  4 frilled lizards
  23 kobolds
  18 rats
  A butterfly (D:7)
213 creatures vanquished.

Vanquished Creatures (collateral kills)
  A ball python (D:6)
  A rat (D:6)
2 creatures vanquished.

Vanquished Creatures (others)
  22 fulminant prisms
  5 plants
27 creatures vanquished.

Grand Total: 242 creatures vanquished

Notes
Turn   | Place    | Note
-------+----------+-------------------------------------------
     0 | D:1      | pascalblue the Deep Elf Conjurer began the quest for the
                  | Orb.
     0 | D:1      | Reached XP level 1. HP: 10/10 MP: 6/6
   166 | D:1      | Reached XP level 2. HP: 15/15 MP: 4/8
   169 | D:1      | Learned a level 2 spell: Searing Ray
   216 | D:1      | Got Ublauf's Folio of the Blaze and Attacks
   230 | D:1      | Found Nyllel's Assorted Antiques.
   538 | D:1      | Reached skill level 5 in Conjurations
   769 | D:1      | Reached XP level 3. HP: 19/19 MP: 5/10
  1180 | D:2      | Noticed Jessica
  1183 | D:2      | Killed Jessica
  1510 | D:2      | Reached XP level 4. HP: 24/24 MP: 7/12
  1695 | D:2      | Found a runed translucent door.
  1696 | D:2      | Noticed Crazy Yiuf
  1761 | D:2      | Killed Crazy Yiuf
  2315 | D:3      | Found a faded altar of an unknown god.
  2507 | D:3      | Found a burning altar of Makhleb.
  2526 | D:3      | Reached XP level 5. HP: 28/28 MP: 10/14
  2974 | D:4      | Noticed a phantom
  2980 | D:4      | Killed a phantom
  2981 | D:4      | Reached skill level 5 in Spellcasting
  3044 | D:4      | Reached XP level 6. HP: 27/32 MP: 11/16
  3399 | D:4      | Noticed Robin
  3414 | D:4      | Learned a level 4 spell: Fulminant Prism
  3415 | D:4      | Killed Robin
  3421 | D:4      | Learned a level 4 spell: Iskenderun's Mystic Blast
  3545 | D:4      | Found a runed translucent gate.
  3545 | D:4      | Found a runed translucent gate.
  3546 | D:4      | Found a runed translucent gate.
  3549 | D:4      | Noticed DeathPants's ghost (amateur TeBe)
  4096 | D:4      | Reached skill level 1 in Translocations
  4171 | D:4      | Reached skill level 1 in Hexes
  4806 | D:5      | Entered Level 5 of the Dungeon
  4809 | D:5      | Noticed Duvessa
  4809 | D:5      | Noticed Dowan
  4834 | D:5      | Killed Duvessa
  4835 | D:5      | Reached XP level 7. HP: 30/36 MP: 6/18
  4837 | D:5      | Killed Dowan
  4913 | D:5      | Noticed Menkaure
  4930 | D:5      | Killed Menkaure
  4931 | D:5      | Reached XP level 8. HP: 27/41 MP: 14/21
  5304 | D:5      | Identified the +3 scale mail of Cloud Cover {-Tele Int+4}
  5319 | D:5      | Found an opulent altar of Gozag.
  5404 | D:5      | Upgraded the game from 0.30-a0-371-gad7725a93e to
                  | 0.30-a0-377-g5cb311bc9f
  5632 | D:5      | Found a shimmering blue altar of Sif Muna.
  5758 | D:5      | Became a worshipper of Sif Muna the Loreminder
  6040 | D:6      | Found a glowing drain.
  6050 | Sewer    | Entered a sewer
  6295 | Sewer    | Reached * piety under Sif Muna
  7053 | D:6      | Found a glowing golden altar of the Shining One.
  7205 | D:6      | Reached skill level 5 in Hexes
  7205 | D:6      | Reached XP level 9. HP: 29/45 MP: 14/24
  7292 | D:6      | Reached skill level 1 in Invocations
  7853 | D:7      | Learned a level 5 spell: Lightning Bolt
  7858 | D:7      | Reached ** piety under Sif Muna
  7964 | D:7      | Found Ugiwameur's Jewellery Emporium.
  7967 | D:7      | Bought a +6 ring of intelligence for 360 gold pieces
  8045 | D:7      | Reached skill level 1 in Air Magic
  8115 | D:7      | Found a staircase to the Ecumenical Temple.
  8372 | D:7      | Reached skill level 10 in Spellcasting
  8512 | D:7      | Learned a level 4 spell: Airstrike
  8517 | D:7      | Learned a level 4 spell: Summon Lightning Spire
  8541 | D:8      | Noticed a centaur warrior
  8543 | D:8      | Noticed a troll
  8546 | D:8      | Noticed a deep elf pyromancer
  8551 | D:8      | Noticed a centaur warrior
  8985 | D:8      | Identified the +6 falchion of Izeneq {antimagic, Dex+3}
  8993 | D:8      | Reached skill level 5 in Translocations
  9010 | D:8      | Reached skill level 1 in Summonings
  9019 | D:8      | Reached skill level 10 in Conjurations
  9154 | D:8      | You fall into a shaft and drop 2 floors!
  9154 | D:10     | Entered Level 10 of the Dungeon
  9159 | D:10     | Noticed a skeletal warrior
  9159 | D:10     | Noticed a skeletal warrior
  9167 | D:10     | Found a staircase to the Lair.
  9181 | D:10     | Noticed a skeletal warrior
  9184 | D:10     | Mangled by a skeletal warrior

Illustrated notes

Levels and vault maps discovered:
D:1:      dpeg_arrival_rooms_b, layout_loops_ring, serial_shops, shop
D:2:      layout_basic, uniq_jessica, uniq_crazy_yiuf_cottage
D:3:      layout_rooms, mainiacjoe_overflow_catwalk,
          hellmonk_ecumenical_altar_slurped_away
D:4:      corexii_shantytown, layout_layer_cave, gammafunk_ghost_split,
          uniq_robin
D:5:      layout_basic, nicolae_sif_muna_condensation, grunt_gozag_statues,
          uniq_duvessa, uniq_menkaure
D:6:      layout_gridville, mainiacjoe_overflow_surrounded_room,
          portal_sewer_entry_e, chequers_decorated_corner
D:7:      layout_cave_pools, minmay_temple_entry_butterflies, serial_shops,
          kennysheep_mini_moat, worms_lemuel
D:8:      cheibrodos_elevator_heist, layout_loops_ring,
          hangedman_decor_peaks_small, dk_noncrumbling_2
D:10:     layout_loops_ring, minmay_overflow_temple_star_quad, lair_entry_dummy,
          uniq_josephine

Skill      XL: |  1  2  3  4  5  6  7  8  9 |
---------------+----------------------------+-----
Conjurations   | 5 6 7 8 9 10 | 10.0
Spellcasting   | 4 5 6 7 9 10 | 10.5
Translocations | 1 2 4 5 |  5.2
Hexes          | 1 3 5 6 |  6.9
Invocations    | 2 |  2.6
Air Magic      | 2 |  2.8
Summonings     | 1 |  1.4
Dodging        | |  2.4
Stealth        | |  2.4

Action                   |  1- 3 |  4- 6 |  7- 9 || total
-------------------------+-------+-------+-------++-------
Melee: Unarmed           |       |     5 |       ||     5
       Quarterstaff      |       |     1 |    13 ||    14
       Staff             |       |       |     6 ||     6
 Cast: Magic Dart        |    58 |   137 |   113 ||   308
       Searing Ray       |     1 |     9 |    36 ||    46
       Fulminant Prism   |       |     1 |    21 ||    22
  Use: Scroll            |     4 |     7 |    13 ||    24
       Potion            |       |       |     2 ||     2
Armor: Robe              |     2 |    11 |    21 ||    34
       Skin              |       |     1 |       ||     1
Dodge: Dodged            |       |    30 |    47 ||    77

Table legend: (Time is in decaauts)
 A = Elapsed time spent in this place.
 B = Non-inter-level travel time spent in this place.
 C = Inter-level travel time spent in this place.
 D = Time resting spent in this place.
 E = Time spent auto-exploring this place.
 F = Levels seen in this place.
 G = Mean time per level.
                   A        B        C        D        E       F      G
               +--------+--------+--------+--------+--------+-----+--------+
         Total |   9182 |   8974 |    208 |    763 |   6693 |  10 |  918.2 |
       Dungeon |   8259 |   8051 |    208 |    563 |   6142 |   9 |  917.7 |
         Sewer |    922 |    922 |      0 |    200 |    551 |   1 |  922.0 |
               +--------+--------+--------+--------+--------+-----+--------+

Top non-repeatable levels by time:
     D:4: 1908 daAuts
     D:5: 1131 daAuts
     D:2: 1074 daAuts
     D:1: 1068 daAuts
     D:6: 954 daAuts
   Sewer: 922 daAuts
     D:7: 765 daAuts
     D:3: 733 daAuts
     D:8: 592 daAuts
    D:10: 29 daAuts
